 Dungeon Crawl Stone Soup version 0.25-a0-503-ge281fa673e (webtiles) character file.

Game seed: 8162462417287339639, levelgen mode: deterministic

18 BeastOfSaturn the Stinger (level 2, -1/19 HPs)
             Began as a Demonspawn Venom Mage on Feb 13, 2020.
             Slain by a worm (6 damage)
             ... on level 2 of the Dungeon.
             The game lasted 00:03:32 (1106 turns).

BeastOfSaturn the Stinger (Demonspawn Venom Mage)   Turns: 1106, Time: 00:03:33

Health: -1/19      AC:  4    Str:  8    XL:     2   Next: 51%
Magic:  1/5        EV: 12    Int: 16    God:
Gold:   11         SH:  0    Dex: 13    Spells: 2/5 levels left

rFire    + . .     SeeInvis .   e - +0 hand axe
rCold    x . .     Gourm    .   (no shield)
rNeg     . . .     Faith    .   j - +0 leather armour (curse)
rPois    .         Spirit   .   g - +0 helmet
rElec    .         Reflect  .   (no cloak)
rCorr    .         Harm     .   (no gloves)
MR       .....                  (no boots)
Stlth    ++........             (no amulet)
HPRegen  0.06/turn              k - ring of fire
MPRegen  0.09/turn              (no ring)

@: very slightly contaminated
A: demonic guardian 1
a: no special abilities


You were on level 2 of the Dungeon.
You were not hungry.

You visited 1 branch of the dungeon, and saw 2 of its levels.

You collected 11 gold pieces.

Inventory:

Hand Weapons
 e - a +0 hand axe (weapon)
Armour
 a - a +0 robe
 g - a +0 helmet (worn)
 j - a cursed +0 leather armour (worn)
Jewellery
 k - a ring of fire (left hand)
Scrolls
 b - 2 scrolls of identify {unknown}
Potions
 d - a potion of brilliance {unknown}
 f - a potion of berserk rage {unknown}
 h - a potion of agility {unknown}
 i - a potion of heal wounds {unknown}
Comestibles
 c - a ration
 l - 2 chunks of flesh


   Skills:
 + Level 0.1 Axes
 * Level 0.3 Armour
 + Level 1.9 Dodging
 - Level 1.7 Stealth
 + Level 2.3 Spellcasting
 - Level 0.8 Transmutations
 * Level 3.4 Poison Magic


You had 2 spell levels left.
You knew the following spells:

 Your Spells              Type           Power        Failure   Level  Hunger
a - Sting                 Tmut/Pois      #...         12%         1    #......
b - Poisonous Vapours     Pois/Air       #.....       22%         2    ###....

Your spell library contained the following spells:

 Spells                   Type           Power        Failure   Level  Hunger
 Ignite Poison            Fire/Tmut/Pois #.......     43%         3    ###....
 Mephitic Cloud           Conj/Pois/Air  #.......     47%         3    ###....
 Olgreb's Toxic Radiance  Pois           ##......     56%         4    #####..


Dungeon Overview and Level Annotations

Branches:
Dungeon (2/15)

Altars:


Innate Abilities, Weirdness & Mutations

A weak demonic guardian rushes to your aid.


Message History

The worm is moderately wounded.
You barely miss the worm.
The worm is heavily wounded.
You barely miss the kobold.
The worm looks more healthy.
The kobold hits you with a +0 club. The worm bites you!
The kobold throws a stone.
The stone barely misses you.
The kobold throws a stone.
The stone barely misses you.
You hear a splash.
The kobold hits you with a +0 club.
* * * LOW HITPOINT WARNING * * *
The kobold throws a stone.
The stone misses you.
Casting: Sting (safe; 12% risk of failure)
Confirm with . or Enter, or press ? or * to list all spells.
Aiming: Sting (safe; 12% risk of failure)
Press: ? - help, Shift-Dir - straight line, f - kobold, p - worm
Aim: a kobold, wielding a +0 club and quivering a stone The sting misses the kobold.
The kobold throws a stone.
The stone barely misses you. The worm bites you.
You die...

#..#. .# #....##.#
#.#..[.#.####
#......#..(.#
♣♣............
♣♣......#.##.## #+##
♣♣......÷###8.8# #8.8#
♣...≈≈≈...<##.K.###...#
...≈≈≈≈≈..K@##....w..#
...≈≈♣≈≈..w..##..<..#
..(≈≈≈≈≈......##8b8##
♣...≈≈≈...#....#####
♣♣.......##......
♣♣.....###......#
♣♣##### #.....(#
#...(..# #......#


You could see a worm and a kobold.

Vanquished Creatures
  An ooze (D:1)
  2 leopard geckos
  A ball python (D:1)
  A giant cockroach (D:1)
  2 hobgoblins (D:1)
  A kobold (D:1)
  4 bats
12 creatures vanquished.

Notes
Turn   | Place    | Note
-------+----------+-------------------------------------------
     0 | D:1      | BeastOfSaturn the Demonspawn Venom Mage began the quest for
                  | the Orb.
     0 | D:1      | Reached XP level 1. HP: 13/13 MP: 3/3
   232 | D:1      | Gained mutation: A weak demonic guardian rushes to your
                  | aid. [demonic ancestry]
   232 | D:1      | Reached XP level 2. HP: 6/19 MP: 1/5
   851 | D:1      | Learned a level 2 spell: Poisonous Vapours
  1106 | D:2      | Slain by a worm

Levels and vault maps discovered:
D:1:      psy_arrival_dodecagon, layout_basic
D:2:      layout_rooms, elyvilon_altar_3, kennysheep_cross_bottleneck,
          grunt_ministairs_8

Action                   || total
-------------------------++-------
Melee: Hand axe          ||    32
 Cast: Sting             ||    13
       Poisonous Vapours ||     1
  Eat: Ration            ||     1
Armor: Leather armour    ||    10
       Robe              ||     7
Dodge: Dodged            ||    41

Table legend:
 A = Non-vault XP
 B = Vault XP
 C = Vault XP percentage of total XP
 D = Non-vault monster count
 E = Vault monster count
 F = Vault count percentage of total count
                 A         B        C        D         E       F
            +---------+---------+-------+---------+---------+-------
      Total |      25 |       2 |   7.4 |      11 |       1 |   8.3
            +---------+---------+-------+---------+---------+-------
        D:1 |      20 |       2 |   9.1 |       8 |       1 |  11.1
        D:2 |       5 |       0 |   0.0 |       3 |       0 |   0.0
            +---------+---------+-------+---------+---------+-------
